[Event "*** Titled Tuesday Blitz"]
[Site "Chess.com"]
[Date "2021.03.16"]
[Round "4"]
[White "DrMamaliga"]
[Black "Rakesh"]
[Result "1-0"]
[WhiteElo "2371"]
[BlackElo "2484"]
[TimeControl "180+1"]
[EndTime "10:35:25 PDT"]
[Termination "DrMamaliga won by resignation"]

1. c4 Nf6 2. Nf3 Nc6 3. Nc3 e5 4. e3 Bb4 5. Qc2 Bxc3 6. Qxc3 O-O 7. Nxe5 Nxe5 8. Qxe5 Re8 9. Qc3 d5 10. b3 d4 11. Qc2 Bg4 12. h3 Bh5 13. Bd3 c5 14. O-O Qd6 15. Bb2 Rad8 16. exd4 cxd4 17. Rae1 Qf4 18. Qc1 Bf3 19. Rxe8+ Rxe8 20. Re1 Qg5 21. Rxe8+ Nxe8 22. g3 h5 23. Bxd4 h4 24. Qe1 Kf8 25.
Qe3 Qxe3 26. dxe3 hxg3 27. fxg3 b6 28. e4 Nd6 29. c5 Nc8 30. g4 bxc5 31. Bxc5+ Ke8 32.
Kf2 Bd1 33. e5 Kd7 34. Be4 Nb6 35. Bxb6 axb6 36. Ke1 Bxb3 37. axb3 1-0

[Event "*** Titled Tuesday Blitz"]
[Site "Chess.com"]
[Date "2021.03.16"]
[Round "4"]
[White "chessmadara"]
[Black "Manukyan_Artak"]
[Result "0-1"]
[WhiteElo "2154"]
[BlackElo "2390"]
[TimeControl "180+1"]
[EndTime "10:35:31 PDT"]
[Termination "Manukyan_Artak won by resignation"]

1. e4 c6 2. d4 d5 3. Nc3 dxe4 4. Nxe4 Nf6 5. Nxf6+ exf6 6. c3 Bd6 7. Bd3 O-O 8. Ne2 Qc7 9. Qc2 h5 10. Be3 Re8 11. O-O-O Nd7 12. g4 h4 13. g5 c5 14.
gxf6 Nxf6 15. Bg5 Nd5 16. Bxh4 Nf4 17. Nxf4 Bxf4+ 18. Kb1 cxd4 19. Bh7+ Kh8 20. Rxd4 Be5 21. Re1 g6 22. Bxg6 fxg6 23. Qxg6 Bf5+ 24. Qxf5 Bxd4 25. Rxe8+ Rxe8 26. Qh5+ Qh7+ 0-1

[Event "*** Titled Tuesday Blitz"]
[Site "Chess.com"]
[Date "2021.03.16"]
[Round "4"]
[White "kreonx"]
[Black "ukchessbomber"]
[Result "0-1"]
[WhiteElo "2329"]
[BlackElo "2521"]
[TimeControl "180+1"]
[EndTime "10:35:37 PDT"]
[Termination "ukchessbomber won by resignation"]

1. e4 g6 2. Nc3 Bg7 3. g3 e5 4. Bg2 Ne7 5. Nge2 O-O 6. d4 exd4 7. Nxd4 Nbc6 8. Be3 d6 9. O-O Re8 10. Re1 Bd7 11. h3 a6 12. a4 Ne5 13. b3 c5 14.
Nde2 Qc8 15. Qxd6 Bxh3 16. Qxc5 Qg4 17. Red1 Nf3+ 18. Kh1 Nh4 19. Qg5 Bxg2+ 20. Kh2 Qh3+ 0-1

[Event "*** Titled Tuesday Blitz"]
[Site "Chess.com"]
[Date "2021.03.16"]
[Round "4"]
[White "Grieve72"]
[Black "jacky72"]
[Result "1-0"]
[WhiteElo "2512"]
[BlackElo "2700"]
[TimeControl "180+1"]
[EndTime "10:35:42 PDT"]
[Termination "Grieve72 won by resignation"]

1. d4 Nf6 2. Bg5 g6 3. Bxf6 exf6 4. e3 Bg7 5. g3 O-O 6. Bg2 c5 7. c3 cxd4 8. cxd4 Qb6 9. Qd2 Nc6 10. Ne2 d6 11. O-O f5 12. Nbc3 Bd7 13. Rac1 Rac8 14. Nd5 Qd8 15. Nef4 h5 16. h4 Be6 17. Rc3 Ne7 18. Rxc8 Nxc8 19. Nxe6 fxe6 20. Nf4 Qf6 21. Bxb7 Nb6 22. Rc1 Rf7 23. Bg2 e5 24. Nd5 Qe6 25.
dxe5 Qxe5 26. Nxb6 axb6 27. Bd5 Qxb2 28. Qxb2 Bxb2 29.
Rc7 Kf8 30. Rxf7+ 1-0

[Event "*** Titled Tuesday Blitz"]
[Site "Chess.com"]
[Date "2021.03.16"]
[Round "4"]
[White "JimmmyZhang"]
[Black "PaulfromSPb"]
[Result "0-1"]
[WhiteElo "2525"]
[BlackElo "2821"]
[TimeControl "180+1"]
[EndTime "10:35:45 PDT"]
[Termination "PaulfromSPb won by resignation"]

1. Nf3 Nf6 2. c4 e6 3. g3 a6 4.
Bg2 b5 5. O-O Bb7 6. b3 c5 7.
Bb2 Be7 8. e3 O-O 9. d4 bxc4 10.
bxc4 d6 11. Nbd2 Nbd7 12. d5 exd5 13. Nh4 g6 14. cxd5 Bxd5 15. Bxd5 Nxd5 16. Nc4 N5b6 17.
Nxd6 Bxd6 18. Qxd6 Nc4 19. Qd5 Nxb2 20. Rab1 Na4 21.
Rb7 Nab6 22. Qc6 Qc8 23. Rxb6 Nxb6 24. Qxb6 c4 25. Qf6 Qe6 26. Qf4 c3 27. Nf3 Qxa2 28. Qh6 f6 29. Nh4 Qf7 30. Qf4 Rac8 31. Rc1 c2 32.
Nf3 Qb3 33. Nd4 Qb1 34. e4 Rfd8 0-1

[Event "*** Titled Tuesday Blitz"]
[Site "Chess.com"]
[Date "2021.03.16"]
[Round "4"]
[White "KarateBaby"]
[Black "MateusViageiro"]
[Result "0-1"]
[WhiteElo "2142"]
[BlackElo "2364"]
[TimeControl "180+1"]
[EndTime "10:35:50 PDT"]
[Termination "MateusViageiro won on time"]

1. Nf3 Nf6 2. c4 c5 3. Nc3 Nc6 4. e3 g6 5. d4 Bg7 6. d5 Na5 7. e4 d6 8. Be2 O-O 9. O-O a6 10. h3 Rb8 11. Bf4 b5 12. cxb5 axb5 13. e5 Nh5 14.
Bh2 b4 15. exd6 exd6 16. Ne4 Rb6 17. Nfg5 Nf6 0-1

[Event "*** Titled Tuesday Blitz"]
[Site "Chess.com"]
[Date "2021.03.16"]
[Round "4"]
[White "SimplyDevina"]
[Black "Dave_ChessMate"]
[Result "0-1"]
[WhiteElo "2197"]
[BlackElo "2415"]
[TimeControl "180+1"]
[EndTime "10:36:01 PDT"]
[Termination "Dave_ChessMate won by resignation"]

1. d4 Nf6 2. c4 e6 3. Nc3 Bb4 4. e3 O-O 5. Bd3 c5 6. a3 Bxc3+ 7.
bxc3 d6 8. Nf3 Nc6 9. O-O b6 10.
e4 e5 11. Be3 Ba6 12. Qe2 Rc8 13. Rfd1 Re8 14. d5 Na5 15. Nh4 Qd7 16. Nf5 g6 17. Nh6+ Kg7 18. Bg5 Nh5 19. Qf3 f6 20. Be3 Bxc4 21.
g4 Nf4 22. Bxf4 exf4 23. Qxf4 Qe7 24. Bc2 Qe5 25. Qe3 Qg5 26. Qf3 0-1

[Event "*** Titled Tuesday Blitz"]
[Site "Chess.com"]
[Date "2021.03.16"]
[Round "4"]
[White "Piacramling"]
[Black "PavelShkapenko"]
[Result "0-1"]
[WhiteElo "2324"]
[BlackElo "2690"]
[TimeControl "180+1"]
[EndTime "10:36:12 PDT"]
[Termination "PavelShkapenko won by resignation"]

1. d4 Nf6 2. c4 e6 3. Nc3 Bb4 4. e3 c5 5. Ne2 cxd4 6. exd4 O-O 7. a3 Be7 8. Nf4 d6 9. Be2 e5 10. dxe5 dxe5 11. Nfd5 Nxd5 12. Nxd5 Nc6 13. Be3 Bg5 14. O-O Be6 15. Qd2 Bxe3 16. fxe3 Qg5 17. Rad1 Rad8 18.
Qc3 Bxd5 19. cxd5 Ne7 20. e4 Nc8 21. Rf5 Qg6 22. Rxe5 Nd6 23. Bf3 Rc8 24. Qd3 Nc4 25. Re7 Nxb2 26. Qb3 Nxd1 27. Qxd1 Qg5 0-1

[Event "*** Titled Tuesday Blitz"]
[Site "Chess.com"]
[Date "2021.03.16"]
[Round "4"]
[White "Rud_Makarian"]
[Black "FMJoseHerrera"]
[Result "1-0"]
[WhiteElo "2796"]
[BlackElo "2546"]
[TimeControl "180+1"]
[EndTime "10:36:18 PDT"]
[Termination "Rud_Makarian won by resignation"]

1. d4 Nf6 2. c4 c5 3. d5 b5 4. cxb5 a6 5. e3 axb5 6. Bxb5 Qa5+ 7. Nc3 Bb7 8. Bd2 Qb6 9. a4 Nxd5 10. Nf3 Nb4 11.
O-O g6 12. e4 Bg7 13. Bg5 h6 14. Bh4 g5 15. Bg3 O-O 16. h4 g4 17. Ne5 h5 18.
Nxd7 Nxd7 19. Qxd7 e6 20. Qe7 Qd8 21. Qxb7 Qd2 22. Rab1 Nc2 23. Rfd1 Qh6 24. Qe7 Nd4 25. Qxc5 Rfd8 26. Qg5 Qxg5 27. hxg5 e5 28. Kf1 Kh7 29. Nd5 Kg6 30. Bh4 Rab8 31. Ne7+ Kh7 32. Nc6 Nxc6 33. Bxc6 Kg6 34. Bd7 1-0

[Event "*** Titled Tuesday Blitz"]
[Site "Chess.com"]
[Date "2021.03.16"]
[Round "4"]
[White "SameerMujumdar"]
[Black "Storne89"]
[Result "0-1"]
[WhiteElo "2311"]
[BlackElo "2631"]
[TimeControl "180+1"]
[EndTime "10:36:20 PDT"]
[Termination "Storne89 won by resignation"]

1. d4 Nf6 2. Nf3 e6 3. Bg5 b6 4.
Nbd2 Bb7 5. e4 h6 6. Bxf6 Qxf6 7. Bd3 Qd8 8. Qe2 d6 9. O-O-O Be7 10. h4 c5 11.
dxc5 bxc5 12. Nc4 Qc7 13. Kb1 Nc6 14. c3 O-O-O 15. Ne3 Nb8 16. c4 Nc6 17. Nc2 Bf6 18. g4 g6 19. Qe3 Bg7 20. Qf4 Kb8 21. Na3 a6 22. Nc2 Qe7 23. g5 h5 24. Rhe1 Ka8 25.
Bf1 Qc7 26. Bg2 Qb6 27. b3 Qc7 28. Ng1 Rd7 29. Ne2 Rhd8 30. Qe3 Qa5 31. f4 Nb4 32.
Nxb4 Qxb4 33. Bf3 Ka7 34. e5 Bxf3 35. Qxf3 dxe5 36. fxe5 Rxd1+ 37. Rxd1 Rxd1+ 0-1

[Event "*** Titled Tuesday Blitz"]
[Site "Chess.com"]
[Date "2021.03.16"]
[Round "4"]
[White "ARTHURMOTIVATOR"]
[Black "JordanLoyd2020"]
[Result "1-0"]
[WhiteElo "2370"]
[BlackElo "2512"]
[TimeControl "180+1"]
[EndTime "10:36:21 PDT"]
[Termination "ARTHURMOTIVATOR won by resignation"]

1. e4 c5 2. b3 g6 3. Bb2 Nf6 4. e5 Nd5 5. Nf3 Bg7 6. d4 cxd4 7. Qxd4 Nc7 8. Nbd2 Nc6 9. Qh4 Ne6 10. O-O-O Qa5 11. Kb1 Nxe5 12. Nxe5 Qxe5 13. Bxe5 Bxe5 14. Bc4 O-O 15.
Nf3 Bf6 16. Qh6 Bg7 17. Qh4 Bf6 18. Qe4 Nc5 19. Qe3 d6 20. h4 h5 21. Qh6 Ne6 22.
Bxe6 Bxe6 23. Ng5 Bxg5 24. hxg5 Rac8 25. f3 Bf5 26. Rd2 1-0

[Event "*** Titled Tuesday Blitz"]
[Site "Chess.com"]
[Date "2021.03.16"]
[Round "4"]
[White "alejogarcia1999"]
[Black "Hangar-18"]
[Result "1-0"]
[WhiteElo "2500"]
[BlackElo "2349"]
[TimeControl "180+1"]
[EndTime "10:36:21 PDT"]
[Termination "alejogarcia1999 won by resignation"]

1. d4 g6 2. c4 Bg7 3. Nc3 d6 4. g3 Nd7 5. Bg2 e5 6. Nf3 Ne7 7. e4 O-O 8. O-O exd4 9. Nxd4 Nc6 10. Nxc6 bxc6 11. Qc2 Nc5 12. b3 Re8 13. Bb2 a5 14. Rad1 Ba6 15. Rfe1 a4 16. b4 Ne6 17. Nxa4 Bxc4 18. Bxg7 Kxg7 19. Qxc4 Rxa4 20. e5 c5 21. exd6 cxd6 22. Bc6 Rxb4 23. Qc3+ Rd4 24. Bxe8 Qxe8 25. Rxd4 cxd4 26. Qxd4+ 1-0

[Event "*** Titled Tuesday Blitz"]
[Site "Chess.com"]
[Date "2021.03.16"]
[Round "4"]
[White "vanImpe"]
[Black "Meri-Arabidze"]
[Result "0-1"]
[WhiteElo "2423"]
[BlackElo "2649"]
[TimeControl "180+1"]
[EndTime "10:36:27 PDT"]
[Termination "Meri-Arabidze won by resignation"]

1. g3 d5 2. Bg2 Nf6 3. c4 e6 4. Nf3 dxc4 5. O-O Nbd7 6. Na3 Bxa3 7. bxa3 e5 8. Qc2 O-O 9. Qxc4 c6 10. a4 Nb6 11. Qc2 Re8 12. d3 Nbd5 13. Bb2 Nd7 14.
a3 a5 15. Rfd1 Qe7 16. e4 N5f6 17. Re1 c5 18. Rac1 b6 19. Nd2 Ba6 20. Nc4 Bxc4 21. dxc4 Nb8 22. f4 Nc6 23. Rcd1 h6 24. h3 Rad8 25.
Rd5 exf4 26. gxf4 Nxd5 27. cxd5 Rxd5 28. e5 Nd4 29. Qc4 Rdd8 30. Be4 Qh4 0-1

[Event "*** Titled Tuesday Blitz"]
[Site "Chess.com"]
[Date "2021.03.16"]
[Round "4"]
[White "Nesty_Javi_Chess"]
[Black "fabianvivasz"]
[Result "1-0"]
[WhiteElo "2634"]
[BlackElo "2376"]
[TimeControl "180+1"]
[EndTime "10:36:27 PDT"]
[Termination "Nesty_Javi_Chess won by checkmate"]

1. e4 e5 2. Nf3 Nc6 3. d4 exd4 4.
Bc4 Nf6 5. O-O Bc5 6. e5 d5 7.
exf6 dxc4 8. fxg7 Rg8 9. Bg5 Be7 10. Bxe7 Kxe7 11. Re1+ Be6 12. Re4 Qd5 13. Nc3 Qc5 14. Nxd4 Nxd4 15. Rxd4 Rxg7 16. Qd2 Qg5 17. f4 Qf5 18.
Re1 c6 19. Ne4 Rag8 20. Qb4+ c5 21. Qxb7+ Ke8 22. Qb8+ Ke7 23. Qd6+ Ke8 24. Qd8# 1-0

[Event "*** Titled Tuesday Blitz"]
[Site "Chess.com"]
[Date "2021.03.16"]
[Round "4"]
[White "eljanov"]
[Black "andriipalchuk"]
[Result "1-0"]
[WhiteElo "2872"]
[BlackElo "2585"]
[TimeControl "180+1"]
[EndTime "10:36:28 PDT"]
[Termination "eljanov won by resignation"]

1. Nf3 Nf6 2. g3 g6 3. Bg2 Bg7 4. O-O O-O 5. c4 c6 6. d4 d5 7. Qb3 a5 8. Rd1 a4 9. Qb4 dxc4 10. Qxc4 Nbd7 11. Nc3 Nb6 12. Qd3 Be6 13. e4 Bc4 14. Qc2 Nfd7 15. Bf4 h6 16. h3 g5 17. Be3 Qb8 18. Nd2 Ba6 19. e5 Rd8 20. f4 gxf4 21.
gxf4 e6 22. Nde4 Nd5 23. Nxd5 cxd5 24. Nd6 Nf8 25. Kh1 Ng6 26. f5 exf5 27. Qxf5 Rxd6 28.
exd6 Qxd6 29. Bxd5 Qg3 1-0

[Event "*** Titled Tuesday Blitz"]
[Site "Chess.com"]
[Date "2021.03.16"]
[Round "4"]
[White "I_Enchev"]
[Black "SHIVACalypso"]
[Result "1-0"]
[WhiteElo "2537"]
[BlackElo "2358"]
[TimeControl "180+1"]
[EndTime "10:36:28 PDT"]
[Termination "I_Enchev won by resignation"]

1. Nf3 Nf6 2. d4 e6 3. c4 d5 4. g3 Be7 5. Bg2 O-O 6. O-O dxc4 7. Qc2 a6 8. a4 Bd7 9. Qxc4 Bc6 10. Nc3 b5 11. Qb3 b4 12. Nb1 a5 13. Bg5 Bd5 14. Qc2 Nbd7 15. Nbd2 c5 16. e4 Bb7 17. Bxf6 Nxf6 18. e5 Nd5 19. dxc5 Rc8 20. Ne4 Qc7 21. Rac1 Rfd8 22. Rfd1 Bc6 23. Nd6 Rb8 24. Nd4 b3 25.
Qe2 Bxa4 26. Bxd5 exd5 27. N4f5 Bf8 28. e6 Be8 29. e7 Bxe7 30. Nxe7+ Kf8 31. Nxd5 Bc6 32.
Nxc7 1-0

[Event "*** Titled Tuesday Blitz"]
[Site "Chess.com"]
[Date "2021.03.16"]
[Round "4"]
[White "QuintilianoR"]
[Black "AttackSparrow"]
[Result "1-0"]
[WhiteElo "2738"]
[BlackElo "2510"]
[TimeControl "180+1"]
[EndTime "10:36:42 PDT"]
[Termination "QuintilianoR won by resignation"]

1. d4 Nf6 2. c4 c5 3. d5 b5 4. cxb5 a6 5. e3 g6 6. Nc3 Bg7 7. Nf3 O-O 8. a4 Bb7 9. Be2 e6 10. e4 exd5 11. exd5 axb5 12. Bxb5 Re8+ 13. Be3 Ng4 14.
O-O Nxe3 15. fxe3 Rxe3 16. Qd2 Re8 17. d6 Nc6 18. Bc4 Na5 19. Bd5 Bxd5 20. Qxd5 Qf6 21. Rae1 Rab8 22. Rxe8+ Rxe8 23. Qxc5 Nb7 24. Qc7 Nxd6 25.
Qxd7 Rd8 26. Qc6 Rc8 27. Qd5 Nf5 28. Re1 Qb6+ 29. Kh1 Qxb2 30. Ng5 Qxc3 31. Qxf7+ Kh8 32. Re8+ 1-0

[Event "*** Titled Tuesday Blitz"]
[Site "Chess.com"]
[Date "2021.03.16"]
[Round "4"]
[White "annacramling"]
[Black "ChrisTool2"]
[Result "0-1"]
[WhiteElo "2000"]
[BlackElo "2338"]
[TimeControl "180+1"]
[EndTime "10:36:43 PDT"]
[Termination "ChrisTool2 won by resignation"]

1. d4 Nf6 2. c4 c5 3. d5 b5 4. cxb5 a6 5. Nc3 d6 6. e4 g6 7.
Bd2 Bg7 8. a4 O-O 9. Nf3 Bg4 10.
Be2 Bxf3 11. Bxf3 Nbd7 12. O-O Ne5 13. Be2 Qc7 14. f4 Ned7 15. bxa6 c4 16. Be3 Rxa6 17. Nb5 Qb8 18. Qc2 Rc8 19. Bxc4 Ng4 20. Bd4 Bxd4+ 21. Nxd4 Ne3 22. Qb3 Nxc4 23. Qxb8 Rxb8 24. Nc6 Rxb2 25. Nxe7+ Kg7 26. Rf2 Rb4 27. f5 Rbxa4 28. Raf1 Ne3 29.
f6+ Nxf6 30. Rxf6 Nxf1 31. Rxf1 Rxe4 32. Nc6 Ra2 33. Nd8 f5 34. Ne6+ Kf6 35. g3 Ree2 36.
h4 Rg2+ 0-1

[Event "*** Titled Tuesday Blitz"]
[Site "Chess.com"]
[Date "2021.03.16"]
[Round "4"]
[White "AlhosaniOmran1"]
[Black "HrvojeZagreb"]
[Result "1-0"]
[WhiteElo "2485"]
[BlackElo "2298"]
[TimeControl "180+1"]
[EndTime "10:37:00 PDT"]
[Termination "AlhosaniOmran1 won on time"]

1. d4 e6 2. c4 f5 3. Nc3 Bb4 4. e3 Nf6 5. Nf3 b6 6. Be2 Bb7 7. O-O Bxc3 8. bxc3 O-O 9. a4 a5 10. Ba3 d6 11. c5 Ne4 12. Qb3 Rf6 13. cxb6 cxb6 14.
Rab1 Nd7 15. c4 Rg6 16. Rbd1 Qf6 17. c5 Rxg2+ 18. Kxg2 Qg6+ 19. Kh1 Ng5 20. d5 exd5 21. Rg1 Kh8 22. Rxg5 Qh6 23. Bb2 Ne5 24. Bxe5 dxe5 25. Qxb6 d4 26. Qxb7 Rg8 27. Nxe5 1-0

[Event "*** Titled Tuesday Blitz"]
[Site "Chess.com"]
[Date "2021.03.16"]
[Round "4"]
[White "pavelalexandru07"]
[Black "GM_LOADING"]
[Result "0-1"]
[WhiteElo "2287"]
[BlackElo "2566"]
[TimeControl "180+1"]
[EndTime "10:37:00 PDT"]
[Termination "GM_LOADING won on time"]

1. d4 Nf6 2. c4 e6 3. Nc3 Bb4 4. Qc2 Nc6 5. Nf3 d6 6. e3 e5 7.
d5 Bxc3+ 8. Qxc3 Ne7 9. Qc2 O-O 10. e4 Ng6 11. h3 Nh5 12. g3 f5 13. Bd3 fxe4 14.
Bxe4 Qf6 15. Bg5 Qf7 16. O-O-O Bf5 17. Nd2 Bxe4 18. Nxe4 Qf3 19. Rhg1 Rf7 20. Rde1 Rff8 21. Re3 Qf7 22. Ree1 b6 23. Kb1 Qd7 24. h4 Qg4 25.
Be3 h6 26. Ref1 Ne7 27. Nc3 Rf3 28. Qd2 Raf8 0-1

[Event "*** Titled Tuesday Blitz"]
[Site "Chess.com"]
[Date "2021.03.16"]
[Round "4"]
[White "djano"]
[Black "ridnani2021"]
[Result "1-0"]
[WhiteElo "2498"]
[BlackElo "2338"]
[TimeControl "180+1"]
[EndTime "10:37:04 PDT"]
[Termination "djano won by resignation"]

1. e4 c5 2. Nc3 d6 3. f4 Nc6 4.
Nf3 g6 5. Bc4 Bg7 6. O-O e6 7.
d4 cxd4 8. Nb5 a6 9. Nbxd4 Qb6 10. Be3 Qxb2 11. Nxc6 bxc6 12. Qxd6 Ne7 13. Bc5 Qb7 14. Rad1 Qd7 15. Ne5 Qxd6 16. Bxd6 Bxe5 17. Bxe5 O-O 18. Bf6 Ra7 19. Rd6 Re8 20. Rfd1 Kf8 21. Rd8 c5 22. Bg7+ Kxg7 23. Rxe8 a5 24. Rdd8 Rc7 25. Rxe7 Rxe7 26. Rxc8 Rd7 27. Rxc5 Rd1+ 28. Kf2 Rd2+ 29. Be2 a4 30. Ke3 Rd6 31. Ra5 1-0

[Event "*** Titled Tuesday Blitz"]
[Site "Chess.com"]
[Date "2021.03.16"]
[Round "4"]
[White "SilviusTiberius"]
[Black "Myshakov_Fedor"]
[Result "1-0"]
[WhiteElo "2545"]
[BlackElo "2353"]
[TimeControl "180+1"]
[EndTime "10:37:07 PDT"]
[Termination "SilviusTiberius won by checkmate"]

1. e4 c6 2. d4 d5 3. exd5 cxd5 4. Bd3 Nf6 5. c3 Nc6 6. Bf4 Bg4 7. Qb3 Qc8 8. Nd2 e6 9. Ngf3 Bxf3 10. Nxf3 Be7 11. O-O O-O 12. Rae1 Na5 13. Qd1 Nc4 14. Bc1 Nd6 15. Ne5 Nfe4 16. Re3 Bg5 17. Rh3 Bxc1 18. Qxc1 Qd8 19. f3 Ng5 20. Rg3 f6 21. h4 fxe5 22. hxg5 e4 23. fxe4 dxe4 24. Bc2 Rxf1+ 25. Qxf1 Nf5 26.
Rh3 Qxg5 27. Bxe4 Qe3+ 28. Rxe3 Nxe3 29. Qf3 Nc4 30. Bxb7 Rb8 31. b3 Nd6 32. Qf4 Rd8 33. Bf3 Nf5 34. d5 g6 35. dxe6 Re8 36. g4 Rxe6 37. Bd5 Ng7 38. Qf6 h5 39. Qxg6 hxg4 40. Bxe6+ Kh8 41. Qh6# 1-0

[Event "*** Titled Tuesday Blitz"]
[Site "Chess.com"]
[Date "2021.03.16"]
[Round "4"]
[White "tptagain"]
[Black "WiktoriaPOL"]
[Result "1-0"]
[WhiteElo "2862"]
[BlackElo "2122"]
[TimeControl "180+1"]
[EndTime "10:37:09 PDT"]
[Termination "tptagain won on time"]

1. d4 Nf6 2. Bg5 c5 3. d5 Qb6 4.
Bc1 g6 5. Nc3 Bg7 6. e4 d6 7.
Nf3 O-O 8. Be2 Nbd7 9. h3 a6 10. a4 Qc7 11. O-O Rb8 12. Re1 Ne8 13. Bg5 Ne5 14.
Nxe5 Bxe5 15. Bh6 Bg7 16. Qd2 Bd7 17. Bxg7 Kxg7 18. a5 Nf6 19. b3 h5 20. Bc4 Qc8 21.
e5 dxe5 22. Rxe5 Bxh3 23. gxh3 Qxh3 24. Re3 Qh4 25. f3 Qg5+ 26. Kh1 Rh8 27. Ne4 Qh4+ 28.
Qh2 Qxh2+ 29. Kxh2 Rbd8 30. Nxf6 Kxf6 31. Rae1 1-0

[Event "*** Titled Tuesday Blitz"]
[Site "Chess.com"]
[Date "2021.03.16"]
[Round "4"]
[White "JiiHart"]
[Black "SF-96"]
[Result "0-1"]
[WhiteElo "2073"]
[BlackElo "2593"]
[TimeControl "180+1"]
[EndTime "10:37:11 PDT"]
[Termination "SF-96 won on time"]

1. e4 e5 2. Nf3 Nc6 3. d4 exd4 4. Nxd4 Bc5 5. Be3 Qf6 6. c3 Nge7 7. g3 O-O 8. Bg2 Bb6 9. O-O Nxd4 10. cxd4 d5 11. e5 Qg6 12. Nc3 c6 13. f4 h5 14. Bf2 h4 15. a4 hxg3 16. hxg3 Nf5 17. a5 Bd8 18. Qf3 Nh6 19. Ne2 Bg4 20. Qe3 Nf5 21. Qd2 Bxe2 22. Qxe2 Nxg3 23. Bxg3 Qxg3 24. Rf3 Qg4 25. Raf1 Bxa5 26.
Qe3 Bb6 27. f5 Bxd4 0-1

[Event "*** Titled Tuesday Blitz"]
[Site "Chess.com"]
[Date "2021.03.16"]
[Round "4"]
[White "Gabix_94"]
[Black "FairChess_on_YouTube"]
[Result "1/2-1/2"]
[WhiteElo "2813"]
[BlackElo "2975"]
[TimeControl "180+1"]
[EndTime "10:37:15 PDT"]
[Termination "Game drawn by repetition"]

1. Nf3 b6 2. g3 Bb7 3. Bg2 g6 4. O-O Bg7 5. d4 Nf6 6. c4 O-O 7. d5 Ne4 8. Qc2 f5 9. Rd1 a5 10. Be3 Na6 11. Bd4 Bxd4 12. Nxd4 Nac5 13. Nc3 Nd6 14.
e3 Nxc4 15. Nc6 Qe8 16. Nb5 Nxe3 17. fxe3 dxc6 18. Nxc7 Qc8 19. Nxa8 Qxa8 20. Qc4 cxd5 21. Bxd5+ Bxd5 22. Rxd5 e6 23. Rxc5 bxc5 24. Qxe6+ Kg7 25. Qe7+ Kh6 26. Qh4+ Kg7 27. Qe7+ Kh6 28. Rf1 Re8 29. Qxc5 Rc8 30. Qd4 Rc2 31. Qh4+ Kg7 32. Qe7+ Kh6 33. Qh4+ Kg7 34. Qe7+ Kh6 35. Qh4+ 1/2-1/2

[Event "*** Titled Tuesday Blitz"]
[Site "Chess.com"]
[Date "2021.03.16"]
[Round "4"]
[White "Maddie"]
[Black "northridgehawk"]
[Result "0-1"]
[WhiteElo "2065"]
[BlackElo "2349"]
[TimeControl "180+1"]
[EndTime "10:37:19 PDT"]
[Termination "northridgehawk won on time"]

1. d4 f5 2. c4 Nf6 3. Nc3 e6 4.
g3 Bb4 5. Bg2 Bxc3+ 6. bxc3 O-O 7. Bg5 d6 8. Nf3 Nbd7 9. O-O h6 10. Bd2 Ne4 11. Rb1 Ndf6 12. Nh4 Qe8 13. e3 b6 14. Qc2 Bb7 15. Bc1 Bc6 16. Ba3 g5 17. Nf3 Qh5 18. Ne1 g4 19. Nd3 Qf7 20. Nf4 Rae8 21. c5 e5 22. dxe5 dxe5 23. Nd3 b5 24. Nb4 Ba8 25. c6 Qe6 0-1

[Event "*** Titled Tuesday Blitz"]
[Site "Chess.com"]
[Date "2021.03.16"]
[Round "4"]
[White "BogdanDeac"]
[Black "KazakhFighter04"]
[Result "1-0"]
[WhiteElo "2985"]
[BlackElo "2757"]
[TimeControl "180+1"]
[EndTime "10:37:25 PDT"]
[Termination "BogdanDeac won by resignation"]

1. b3 e5 2. Bb2 Nc6 3. e3 Nf6 4. Bb5 Bd6 5. Ne2 O-O 6. Ng3 Re8 7. O-O Bf8 8. f4 exf4 9. Rxf4 Ne5 10. Bxe5 Rxe5 11.
Nc3 c6 12. Bd3 d5 13. Qf3 Bd6 14. Rf1 Rg5 15. Rh4 Be6 16. Nce2 h6 17. Nd4 Qd7 18. Ngf5 Be5 19. Nxh6+ gxh6 20. Rxh6 Qe7 21. Nxe6 fxe6 22. Qh3 Qg7 23. Qxe6+ Qf7 24. Rh8+ 1-0

[Event "*** Titled Tuesday Blitz"]
[Site "Chess.com"]
[Date "2021.03.16"]
[Round "4"]
[White "ural58"]
[Black "kunaevchess"]
[Result "1-0"]
[WhiteElo "2545"]
[BlackElo "2355"]
[TimeControl "180+1"]
[EndTime "10:37:26 PDT"]
[Termination "ural58 won by resignation"]

1. e4 c5 2. b3 g6 3. Bb2 Nf6 4. e5 Nd5 5. Nc3 Nc7 6. d4 cxd4 7. Qxd4 Bg7 8. Nf3 Nc6 9. Qe3 O-O 10. O-O-O Ne6 11.
h4 Qa5 12. Rd5 Qc7 13. h5 Nb4 14. Rd2 a5 15. a3 Nc6 16. Nd5 Qd8 17. Bc4 a4 18. b4 Rb8 19. hxg6 fxg6 20. Ng5 b5 21. Ba2 Qe8 22. Nc7 1-0

[Event "*** Titled Tuesday Blitz"]
[Site "Chess.com"]
[Date "2021.03.16"]
[Round "4"]
[White "Natalya_Buksa"]
[Black "Playgood28"]
[Result "1-0"]
[WhiteElo "2491"]
[BlackElo "2294"]
[TimeControl "180+1"]
[EndTime "10:37:27 PDT"]
[Termination "Natalya_Buksa won by resignation"]

1. d4 f5 2. Nc3 Nf6 3. Bg5 d5 4. Bxf6 exf6 5. e3 Be6 6. Bd3 Nc6 7. Nge2 Nb4 8. Nf4 Nxd3+ 9. Qxd3 Qd7 10. Nxe6 Qxe6 11.
Qb5+ c6 12. Qxb7 Qc8 13. Qxc8+ Rxc8 14. a3 a5 15. Kd2 Bd6 16. g3 Rb8 17. Na4 Kd7 18.
Rhb1 g5 19. b3 h5 20. c4 f4 21.
c5 Bc7 22. b4 axb4 23. axb4 fxe3+ 24. Kxe3 f5 25. Nc3 f4+ 26. Kd3 fxg3 27. fxg3 Rhf8 28. Ra7 Rf3+ 29. Kc2 Rf2+ 30. Kb3 Rxh2 31. b5 cxb5 32. Nxd5 Rh3 33. Rxc7+ Kd8 34. Rf1 Rxg3+ 35. Kb4 Ke8 36. Re7+ 1-0

[Event "*** Titled Tuesday Blitz"]
[Site "Chess.com"]
[Date "2021.03.16"]
[Round "4"]
[White "ChelsieMonica"]
[Black "canary2016"]
[Result "1-0"]
[WhiteElo "2340"]
[BlackElo "2013"]
[TimeControl "180+1"]
[EndTime "10:37:27 PDT"]
[Termination "ChelsieMonica won by checkmate"]

1. c4 c6 2. Nc3 d5 3. cxd5 cxd5 4. d4 Nf6 5. g3 Nc6 6. Bg2 Bf5 7. Nf3 e6 8. O-O Bd6 9. Bf4 O-O 10. Rc1 Rc8 11. Ne5 h6 12. Qd2 a6 13. h3 b5 14. Nxd5 Nxe5 15. Rxc8 Qxc8 16. Nxf6+ gxf6 17. dxe5 fxe5 18. Qxd6 exf4 19. Qxf4 Kh7 20. Rc1 Qd8 21. e4 Bg6 22. Bf3 Qd4 23. b3 Rd8 24. h4 e5 25. Qf6 Rd6 26.
Qe7 Re6 27. Qf8 Bxe4 28. Qxf7+ Kh8 29. Rc8+ Re8 30. Rxe8# 1-0

[Event "*** Titled Tuesday Blitz"]
[Site "Chess.com"]
[Date "2021.03.16"]
[Round "4"]
[White "vladgoncharov"]
[Black "DonBroca"]
[Result "1-0"]
[WhiteElo "2443"]
[BlackElo "2209"]
[TimeControl "180+1"]
[EndTime "10:37:28 PDT"]
[Termination "vladgoncharov won by checkmate"]

1. Nf3 Nf6 2. c4 e6 3. g3 d5 4. Bg2 Be7 5. O-O b6 6. cxd5 exd5 7. d4 O-O 8. Nc3 Bb7 9. Bg5 Nbd7 10. Rc1 h6 11.
Bxf6 Bxf6 12. e3 c5 13. dxc5 Nxc5 14. Nd4 Re8 15. b4 Ne4 16. b5 Rc8 17. Nce2 Qd7 18. h4 a6 19. a4 Nc5 20. Kh2 Qg4 21. Bh3 Qh5 22. Bxc8 Bxc8 23. Nf4 Qe5 24. Nc6 Qf5 25. Qxd5 Be5 26. Nxe5 Rxe5 27. Qd8+ Kh7 28. h5 Nd3 29. Rxc8 Nxf4 30. Qh8# 1-0